 Dungeon Crawl Stone Soup version 0.25-a0-413-g3b4b6a4ccc (webtiles) character file.

Game seed: 14243714625125067195, levelgen mode: deterministic

19141 Borgoz the Basher (level 12, -71/77 HPs)
             Began as a Gargoyle Berserker on Jan 16, 2020.
             Was a High Priest of Trog.
             Annihilated by a titanic slime creature (72 damage)
             ... on level 12 of the Dungeon.
             The game lasted 00:24:32 (14697 turns).

Borgoz the Basher (Gargoyle Berserker)             Turns: 14697, Time: 00:24:33

Health: -71/77     AC: 26    Str: 25    XL:     12   Next: 65%
Magic:  0/12       EV: 17    Int: 10    God:    Trog [*****.]
Gold:   770        SH:  0    Dex: 15    Spells: 11/11 levels left

rFire    . . .     SeeInvis +   b - +3 quarterstaff (speed)
rCold    + . .     Gourm    +   (shield currently unavailable)
rNeg     + . .     Faith    .   I - +2 scale mail of Fortitude {rElec rC+ MR+ Str+4}
rPois    ∞         Spirit   +   B - +2 helmet {SInv}
rElec    +         Reflect  .   F - scarf {Spirit}
rCorr    .         Harm     .   (no gloves)
MR       +....                  (no boots)
Stlth    ..........             p - amulet of the gourmand
HPRegen  0.22/turn              A - +3 ring of dexterity
MPRegen  0.13/turn              H - +4 ring of protection

@: berserk cooldown, slowed, very slow
A: negative energy resistance 1, electricity resistance, unbreathing,
petrification resistance, rot immunity, AC +8
a: Berserk, Trog's Hand, Brothers in Arms, Renounce Religion


You were on level 12 of the Dungeon.
You worshipped Trog.
Trog was extremely pleased with you.
You were very full.

You visited 1 branch of the dungeon, and saw 12 of its levels.
You also visited: Sewer and Ossuary.

You collected 770 gold pieces.

Inventory:

Hand Weapons
 a - a +3 antimagic great mace
 b - a +3 quarterstaff of speed (weapon)
 r - a +4 antimagic demon whip
Armour
 B - a +2 helmet of see invisible (worn)
 F - a scarf of spirit shield (worn)
 I - the +2 scale mail of Fortitude (worn) {rElec rC+ MR+ Str+4}
   (You took it off an orc on level 8 of the Dungeon)

   It affects your strength (+4).
   It protects you from cold.
   It insulates you from electricity.
   It affects your resistance to hostile enchantments.
 J - +2 gold dragon scales
Jewellery
 p - an amulet of the gourmand (around neck)
 q - an uncursed ring of fire
 x - an uncursed ring of protection from cold {unknown}
 A - a +3 ring of dexterity (left hand)
 C - an uncursed ring of see invisible
 H - a +4 ring of protection (right hand)
Wands
 n - a wand of iceblast (10)
 o - a wand of paralysis (4)
 E - a wand of disintegration (15)
Scrolls
 d - 9 scrolls of teleportation
 s - a scroll of enchant weapon {unknown}
 u - 3 scrolls of magic mapping
 v - 3 scrolls of remove curse
 w - a scroll of summoning {unknown}
 y - a scroll of blinking
 z - a scroll of silence {unknown}
 K - a scroll of fear {unknown}
 L - a scroll of fog
Potions
 e - a potion of haste {unknown}
 f - 2 potions of resistance
 g - 3 potions of mutation
 h - 4 potions of might
 i - 4 potions of agility {unknown}
 j - 9 potions of curing
 k - 12 potions of heal wounds
 m - 3 potions of flight
 t - 4 potions of ambrosia
 D - 2 potions of berserk rage {unknown}
 G - a potion of invisibility
Comestibles
 c - 28 rations
 l - 3 chunks of flesh


   Skills:
 + Level 10.0 Fighting
 * Level 12.0 Maces & Flails
 + Level 9.6 Armour
 * Level 10.1 Dodging


You had 11 spell levels left.
You didn't know any spells.
Your spell library was empty.

Dungeon Overview and Level Annotations

Branches:
Dungeon (12/15)            Temple (0/1) D:5            Lair (0/6) D:8
    Orc (0/2) D:10          Sewer (visited)         Ossuary (visited)

Altars:
Fedhas
Makhleb
Okawaru
Ru
Uskayaw
Vehumet
Zin
The Shining One

Shops:
D:4 (   D:5 *?=(%

Annotations:
D:8 1 runed translucent door


Innate Abilities, Weirdness & Mutations

You are resistant to torment.
Your stone body is resilient. (AC +8)
You are immune to poison.
You resist negative energy. (rN+)
You are resistant to electric shocks. (rElec)
You can survive without breathing.
You are immune to petrification.
You are immune to rotting.


Message History

You bludgeon the titanic slime creature!!
The titanic slime creature is severely wounded.
The helpless titanic slime creature fails to defend itself.
You bludgeon the titanic slime creature!!
The titanic slime creature is severely wounded.
The helpless titanic slime creature fails to defend itself.
You hit the titanic slime creature.
The titanic slime creature is severely wounded.
The helpless titanic slime creature fails to defend itself.
You bludgeon the titanic slime creature!!
The titanic slime creature is almost dead.
The titanic slime creature is no longer paralysed.
The titanic slime creature hits you!!!!
Ouch! That really hurt!
* * * LOW HITPOINT WARNING * * *
You sock the titanic slime creature!
The titanic slime creature is almost dead.
The titanic slime creature hits you!!!!
Ouch! That really hurt!
You die...

#......# #......#
#########
#......######........
#......)....'........
#......######........
#......# #....[...
#......# ####'####
#......# #...#
####@### ###.# #J#
#.# #.# #.# #.# #.##
#.# #..# #.# ##.# #.#
#.# #.# #.# #.# #..


You could see a titanic slime creature.

Vanquished Creatures
  Erolcha (D:10)
  4 two-headed ogres
  Sonja (D:10)
  2 unseen horrors
  An ugly thing (D:9)
  2 cyclopes (D:12)
  A deep elf mage (D:12)
  2 oklob plants (D:9)
  A manticore (D:12)
  A black mamba (shapeshifter) (D:12)
  Joseph (D:7)
  A gargoyle (D:10)
  2 kobold demonologists (D:12)
  A komodo dragon (D:8)
  A troll (D:9)
  2 hippogriffs (D:7)
  A slime creature (D:12)
  A spriggan (D:7)
  10 yaks
  2 humans (D:7)
  A hungry ghost (D:10)
  A steam dragon (D:8)
  2 acid dragons
  A swamp drake (D:10)
  3 black bears
  5 orc warriors
  2 sky beasts
  Duvessa (D:5)
  A hornet zombie (D:12)
  3 phantoms
  An eye of draining (D:10)
  8 ogres
  2 necrophages
  11 centaurs
  7 big kobolds
  An elf zombie (Ossuary)
  5 bullfrogs
  A wyvern zombie (D:10)
  Dowan (D:5)
  2 wyvern skeletons
  A scorpion (D:7)
  3 killer bees (D:10)
  2 howler monkeys
  4 electric eels (D:7)
  5 crimson imps
  3 centaur zombies
  7 orc priests
  4 hounds
  Crazy Yiuf (D:2)
  4 centaur skeletons
  2 human zombies (Ossuary)
  6 orc wizards
  2 iguanas
  8 worker ants
  A big kobold zombie (Ossuary)
  3 hound zombies
  3 mummies (Ossuary)
  2 worker ant zombies
  22 adders
  5 river rats (Sewer)
  A shadow imp (D:12)
  5 adder zombies (Ossuary)
  A worm (D:4)
  2 dart slugs
  3 leopard geckos
  31 orcs
  A ball python (D:3)
  6 giant cockroaches
  7 goblins
  6 hobgoblins
  9 jackals
  37 kobolds
  3 quokkas
  5 bats
  8 frilled lizards
  A gnoll zombie (Ossuary)
  2 hobgoblin zombies (Ossuary)
  2 kobold zombies (Ossuary)
  A leopard gecko skeleton (D:6)
  2 quokka skeletons
  12 quokka zombies
  37 rats
  8 rat zombies
  3 plants (D:8)
378 creatures vanquished.

Vanquished Creatures (collateral kills)
  The ghost of Borgoz the Skirmisher, a novice GrGl of Okawaru (D:7)
  An orc warrior (D:6)
  A boggart (D:7)
3 creatures vanquished.

Vanquished Creatures (others)
  A plant (D:7)
1 creature vanquished.

Grand Total: 382 creatures vanquished

Notes
Turn   | Place    | Note
-------+----------+-------------------------------------------
     0 | D:1      | Borgoz the Gargoyle Berserker began the quest for the Orb.
     0 | D:1      | Reached XP level 1. HP: 14/14 MP: 1/1
    46 | D:1      | Reached XP level 2. HP: 16/19 MP: 2/2
   766 | D:1      | Reached XP level 3. HP: 24/24 MP: 3/3
  1122 | D:2      | Reached XP level 4. HP: 18/29 MP: 4/4
  1518 | D:2      | Reached ** piety under Trog
  1559 | D:2      | Found a faded altar of an unknown god.
  1669 | D:2      | Reached XP level 5. HP: 31/33 MP: 5/5
  1775 | D:2      | Noticed a sky beast
  1786 | D:2      | Killed a sky beast
  1786 | D:2      | Reached skill level 4 in Maces & Flails
  1895 | D:2      | Found a runed translucent door.
  1896 | D:2      | Noticed Crazy Yiuf
  2125 | D:2      | Killed Crazy Yiuf
  2125 | D:2      | Reached XP level 6. HP: 37/39 MP: 6/6
  2566 | D:3      | Found a glowing drain.
  2575 | Sewer    | Entered a sewer
  2686 | Sewer    | Reached *** piety under Trog
  2701 | Sewer    | Reached skill level 5 in Fighting
  3030 | Sewer    | Reached XP level 7. HP: 26/44 MP: 7/7
  3782 | D:3      | Found a radiant altar of Vehumet.
  4042 | D:4      | Reached skill level 5 in Maces & Flails
  4062 | D:4      | Found a glowing silver altar of Zin.
  4066 | D:4      | Found a hide-covered altar of Uskayaw.
  4219 | D:4      | Got a shimmering leather armour
  4231 | D:4      | Identified the +3 leather armour of Eternity {Int+4 Dex-2
                  | Slay+5} (You found it on level 4 of the Dungeon)
  4354 | D:4      | Reached **** piety under Trog
  4355 | D:4      | Found a burning altar of Makhleb.
  4668 | D:4      | You fall into a shaft and drop 1 floor!
  4668 | D:5      | Entered Level 5 of the Dungeon
  4701 | D:5      | Found a sand-covered staircase.
  4708 | Ossuary  | Entered an ossuary
  4969 | Ossuary  | Reached XP level 8. HP: 41/50 MP: 8/8
  5257 | Ossuary  | Reached skill level 5 in Armour
  5532 | D:5      | Noticed Duvessa
  5542 | D:5      | Killed Duvessa
  5542 | D:5      | Noticed Dowan
  5554 | D:5      | Killed Dowan
  5554 | D:5      | Reached skill level 6 in Maces & Flails
  5748 | D:5      | Found Guikun's Food Shop.
  5766 | D:5      | Found Lelod's Jewellery Emporium.
  5768 | D:5      | Found Tuurchur's Antique Weapon Shoppe.
  5771 | D:5      | Found a staircase to the Ecumenical Temple.
  5777 | D:5      | Found Giow's Magic Scroll Boutique.
  5842 | D:5      | Found Gopsavy's Assorted Antiques.
  6237 | D:4      | Found Ytesoaluz's Antique Weapon Shoppe.
  6396 | D:6      | Reached skill level 5 in Dodging
  7521 | D:7      | Noticed a hippogriff
  7531 | D:7      | Killed a hippogriff
  7531 | D:7      | Reached skill level 7 in Maces & Flails
  7531 | D:7      | Reached XP level 9. HP: 46/56 MP: 9/9
  7552 | D:7      | Found an iron altar of Okawaru.
  8379 | D:7      | Reached ***** piety under Trog
  8379 | D:7      | Received a gift from Trog
  8573 | D:7      | Found a runed translucent door.
  8573 | D:7      | Noticed Borgoz's ghost (novice GrGl)
  8668 | D:7      | Reached skill level 8 in Maces & Flails
  8818 | D:7      | Noticed Joseph
  8837 | D:7      | Killed Joseph
  8837 | D:7      | Reached XP level 10. HP: 63/63 MP: 6/10
  9720 | D:7      | Killed Borgoz's ghost
  9874 | D:8      | Found a glowing golden altar of the Shining One.
  9874 | D:8      | Found a runed translucent door.
  9874 | D:8      | Noticed an angel
 10097 | D:8      | Reached skill level 9 in Maces & Flails
 10387 | D:8      | Paralysed by an orc for 5 turns
 10452 | D:8      | Identified the +2 scale mail of Fortitude {rElec rC+ MR+
                  | Str+4}
 10678 | D:8      | Found a staircase to the Lair.
 10927 | D:9      | Noticed a red ugly thing
 10947 | D:9      | Killed a red ugly thing
 11288 | D:9      | Found a sacrificial altar of Ru.
 11346 | D:9      | Reached XP level 11. HP: 59/69 MP: 9/11
 11398 | D:9      | Found a blossoming altar of Fedhas.
 11400 | D:9      | Noticed an oklob plant
 11400 | D:9      | Noticed an oklob plant
 11410 | D:9      | Killed an oklob plant
 11625 | D:9      | Killed an oklob plant
 11625 | D:9      | Reached skill level 10 in Maces & Flails
 11976 | D:10     | Entered Level 10 of the Dungeon
 11976 | D:10     | Noticed Erolcha
 11983 | D:10     | Killed Erolcha
 12176 | D:10     | Noticed a two-headed ogre
 12183 | D:10     | Killed a two-headed ogre
 12340 | D:10     | Noticed a two-headed ogre
 12348 | D:10     | Killed a two-headed ogre
 12472 | D:10     | Received a gift from Trog
 12602 | D:10     | Noticed Sonja
 12609 | D:10     | Killed Sonja
 12667 | D:10     | Reached skill level 11 in Maces & Flails
 12949 | D:10     | Found a staircase to the Orcish Mines.
 13578 | D:11     | Reached XP level 12. HP: 64/76 MP: 10/12
 13609 | D:11     | Noticed a two-headed ogre
 13621 | D:11     | Killed a two-headed ogre
 13717 | D:11     | Received a gift from Trog
 14165 | D:12     | Noticed a two-headed ogre
 14178 | D:12     | Killed a two-headed ogre
 14272 | D:12     | Reached skill level 10 in Dodging
 14602 | D:12     | Reached skill level 12 in Maces & Flails
 14656 | D:12     | Reached skill level 10 in Fighting
 14696 | D:12     | HP: 1/77 [titanic slime creature (73)]
 14697 | D:12     | Annihilated by a titanic slime creature

Levels and vault maps discovered:
D:1:      erik_arrival_orb_chamber, layout_loops_corners,
          corexii_leaking_fountain
D:2:      layout_loops_ring, chequers_ecumenical_altar_twisty, minmay_unequal,
          uniq_crazy_yiuf_cottage
D:3:      layout_loops_corners, lemuel_round_altar, portal_sewer_entry_d,
          st_stairs_1, kennysheep_generic_room_13
D:4:      layout_basic, marbit_many_paths, grunt_temple_overflow_open,
          serial_shops, kennysheep_little_box
D:5:      layout_cave_pools, minmay_temple_entry_butterflies, serial_shops,
          nicolae_shop_waterfront, nicolae_shop_window_shopping,
          nicolae_shop_overgrown_old_shop,
          nicolae_shop_temple_entry_statues_fountains,
          nicolae_shop_temple_entry_statues_fountains, first_ration,
          enter_ossuary_4, uniq_duvessa
D:6:      layout_gridville
D:7:      layout_layer_cave, ebering_ghost_inner_flame, chequers_big_river,
          the_bakery, okawaru_humans, uniq_joseph
D:8:      minmay_octagon_keep, layout_loops_ring, david_lair_shrubbed,
          lemuel_angel_altar
D:9:      layout_loops_ring, overflow_temple_1_default, hangedman_tree_tricks
D:10:     layout_loops_ring, erik_orc_1, hangedman_decor_opposing,
          roderic_filled_cross, uniq_sonja, uniq_erolcha
D:11:     layout_rooms
D:12:     layout_roguey

Skill      XL: |  1  2  3  4  5  6  7  8  9 10 11 12 |
---------------+-------------------------------------+-----
Dodging        | 2 3 4 5 6 8 9 10 | 10.1
Armour         | 3 4 5 6 7 9 |  9.6
Fighting       | 4 5 6 7 8 9 10 | 10.0
Maces & Flails | 4 5 7 8 9 11 12 | 12.0

Action                   |  1- 3 |  4- 6 |  7- 9 | 10-12 || total
-------------------------+-------+-------+-------+-------++-------
Melee: Mace              |   107 |   238 |   431 |       ||   776
       Dire flail        |       |       |   195 |     2 ||   197
       Quarterstaff      |       |       |       |   723 ||   723
       Great mace        |       |       |       |     7 ||     7
Invok: Berserk           |     1 |     2 |     9 |    10 ||    22
       Brothers in Arms  |       |       |     1 |     2 ||     3
       Trog's Hand       |       |       |     1 |       ||     1
Evoke: Wand              |       |       |       |     4 ||     4
  Use: Potion            |       |     1 |       |       ||     1
       Scroll            |       |    10 |     7 |     5 ||    22
 Stab: Paralysed         |       |       |       |    13 ||    13
       Confused          |       |       |       |     1 ||     1
  Eat: Chunk             |     2 |    21 |    27 |    38 ||    88
Armor: Animal skin       |    46 |     1 |       |       ||    47
       Ring mail         |       |   149 |   298 |       ||   447
       Skin              |       |    13 |       |       ||    13
       Plate armour      |       |       |    40 |    32 ||    72
       Gold dragon scale |       |       |       |    80 ||    80
       Scale mail        |       |       |       |   156 ||   156
Dodge: Dodged            |    80 |   237 |   456 |   350 ||  1123

Table legend:
 A = Non-vault XP
 B = Vault XP
 C = Vault XP percentage of total XP
 D = Non-vault monster count
 E = Vault monster count
 F = Vault count percentage of total count
                 A         B        C        D         E       F
            +---------+---------+-------+---------+---------+-------
      Total |   20492 |    6853 |  25.1 |     234 |     144 |  38.1
            +---------+---------+-------+---------+---------+-------
        D:1 |      25 |      12 |  32.4 |      16 |      12 |  42.9
        D:2 |     253 |      59 |  18.9 |      25 |       5 |  16.7
        D:3 |      29 |      17 |  37.0 |      10 |       3 |  23.1
        D:4 |     306 |       1 |   0.3 |      14 |       1 |   6.7
        D:5 |     183 |     212 |  53.7 |       5 |       4 |  44.4
        D:6 |     308 |       0 |   0.0 |       9 |       0 |   0.0
        D:7 |    2195 |    1466 |  40.0 |      33 |       6 |  15.4
        D:8 |    1054 |     869 |  45.2 |      29 |       8 |  21.6
        D:9 |    1732 |    1032 |  37.3 |      18 |       2 |  10.0
       D:10 |    5085 |    2335 |  31.5 |      28 |      19 |  40.4
       D:11 |    3683 |       0 |   0.0 |      24 |       0 |   0.0
       D:12 |    5639 |       0 |   0.0 |      23 |       0 |   0.0
      Sewer |       0 |     467 | 100.0 |       0 |      48 | 100.0
    Ossuary |       0 |     383 | 100.0 |       0 |      36 | 100.0
            +---------+---------+-------+---------+---------+-------
